Map: Orbital Shipyard

Players

llllllllllll - Winner!

  • Race: Zerg Zerg
  • League: Master

Chris (MCanning)

  • Race: Protoss Protoss
  • League: Platinum

VOD

Have the link to the VOD?

Description

Time

  • Played on: Nov. 11, 2015, 1:16 a.m.
  • Length: 15:15
Show
View Real Time Build Order
Export as new Build Order

llllllllllll Zerg - Winner!

Build Orders: Hatch First 

Get SALT Encoding   

  12  0:01  Drone  
  13  0:08  Drone  
  14  0:21  Overlord  
  14  0:40  Drone  
  15  0:45  Hatchery  
  14  1:05  Spawning Pool  
  14  1:06  Drone  
  14  1:12  Drone  
  14  1:18  Drone  
  16  1:24  Drone  
  17  1:37  Drone  
  18  1:45  Drone  
  19  1:52  Drone, Queen  
  22  1:57  Queen  
  22  1:58  Zergling x2  
  25  2:04  Zergling x2  
  26  2:09  Overlord  
  26  2:11  Drone  
  27  2:19  Drone  
  28  2:31  Drone x2  
  28  2:32  Queen  
  28  2:36  Drone  
  33  2:45  Drone x2  
  33  2:49  Extractor  
  33  2:50  Extractor  
  33  2:52  Drone  
  34  2:58  Drone  
  34  3:01  Hatchery  
  34  3:04  Drone  
  34  3:05  Drone  
  36  3:06  Overlord  
  36  3:18  Overlord x2  
  36  3:26  Drone x4  
  40  3:28  Drone  
  40  3:30  Drone  
  42  3:38  Drone  
  42  3:39  Metabolic Boost  
  43  3:42  Spore Crawler  
  43  3:44  Roach Warren  
  43  3:47  Spore Crawler, Drone  
  41  3:49  Drone  
  41  3:51  Drone  
  41  3:54  Drone  
  44  3:57  Drone  
  44  4:02  Lair  
  45  4:03  Drone  
  45  4:07  Drone  
  45  4:09  Drone  
  47  4:11  Overlord  
  47  4:13  Drone  
  47  4:16  Drone x2  
  50  4:18  Drone  
  50  4:20  Drone  
  50  4:21  Drone  
  53  4:30  Drone x3  
  53  4:31  Drone x2  
  58  4:32  Drone  
  58  4:36  Drone  
  60  4:38  Extractor  
  60  4:39  Extractor  
  60  4:40  Overlord  
  60  4:45  Evolution Chamber, Drone x2  
  60  4:47  Drone  
  60  4:48  Evolution Chamber, Drone  
  60  4:55  Drone x3  
  63  5:03  Drone, Spire  
  63  5:04  Drone x3  
  63  5:06  Extractor  
  63  5:07  Drone x2  
  66  5:08  Extractor  
  66  5:14  Drone  
  66  5:15  Infestation Pit  
  66  5:20  Zerg Ground Armor Level 1  
  66  5:22  Zerg Missile Weapons Level 1  
  66  5:24  Drone x4  
  70  5:28  Overlord  
  70  5:31  Queen  
  70  5:34  Glial Reconstitution  
  72  5:38  Drone  
  72  5:40  Overlord  
  73  5:44  Hatchery  
  73  5:47  Drone  
  73  5:48  Drone x2  
  73  5:49  Hydralisk Den  
  75  5:50  Drone  
  75  5:52  Roach  
  75  5:53  Roach  
  75  5:55  Overseer  
  80  5:58  Roach  
  80  6:00  Roach  
  80  6:01  Roach x2  
  80  6:02  Drone  
  89  6:06  Overlord  
  89  6:09  Hive  
  89  6:16  Overlord x2  
  89  6:21  Muscular Augments  
  89  6:22  Drone  
  89  6:23  Overlord x2  
  90  6:25  Drone x2  
  90  6:26  Drone  
  90  6:27  Drone  
  90  6:31  Overlord  
  94  6:34  Overlord x2  
  94  6:36  Drone x2  
  94  6:37  Drone  
  97  6:40  Drone x3  
  97  6:41  Drone  
  101  6:47  Overlord x2  
  101  6:51  Hydralisk x3  
  101  6:54  Hydralisk  
  107  6:56  Hydralisk  
  111  7:07  Hydralisk  
  111  7:08  Hydralisk x5  
  123  7:15  Hydralisk x2  
  123  7:16  Hydralisk x2  
  123  7:19  Hydralisk  
  123  7:21  Roach x2  
  123  7:22  Roach  
  138  7:29  Roach x5  
  148  7:32  Overlord  
  148  7:37  Queen  
  148  7:38  Viper x2, Extractor  
  148  7:40  Extractor  
  148  7:41  Zerg Missile Weapons Level 2  
  154  7:46  Drone  
  154  7:49  Spore Crawler  
  154  7:51  Zerg Ground Armor Level 2  
  154  7:54  Hydralisk  
  154  7:57  Zergling x4  
  158  7:58  Zergling x2  
  158  8:03  Hydralisk x2  
  158  8:05  Roach x3  
  169  8:06  Overlord x2  
  169  8:19  Hydralisk  
  165  8:20  Hydralisk x4  
  165  8:27  Roach x6  
  176  8:28  Roach  
  176  8:32  Roach x3  
  191  8:45  Overlord x4  
  191  9:05  Hatchery  
  190  9:10  Roach x4  
  190  9:11  Roach  
  157  9:41  Hydralisk x12  
  157  9:42  Hydralisk x2  
  161  9:48  Hydralisk  
  161  9:49  Hydralisk  
  153  9:55  Hydralisk x2  
  153  9:56  Hydralisk x3  
  151  10:05  Overseer  
  151  10:06  Overseer  
  139  10:07  Overseer x2  
  139  10:09  Pneumatized Carapace  
  139  10:12  Hydralisk  
  133  10:16  Roach  
  133  10:17  Roach  
  133  10:21  Roach x3  
  141  10:23  Roach  
  141  10:24  Roach  
  141  10:25  Roach  
  141  10:27  Roach  
  151  10:33  Roach x4  
  159  10:37  Roach x3  
  159  10:39  Roach  
  159  10:40  Hatchery  
  166  10:50  Roach x3  
  166  10:51  Roach x3  
  166  10:56  Roach x2  
  166  10:57  Roach x4  
  190  11:18  Roach  
  190  11:19  Roach x5  
  190  11:24  Zerg Missile Weapons Level 3  
  200  11:29  Zerg Ground Armor Level 3  
  166  11:58  Hydralisk x4  
  166  11:59  Hydralisk x3, Roach x7  
  166  12:00  Roach  
  166  12:29  Hydralisk x5  
  164  12:30  Hydralisk x7  
  164  12:35  Hydralisk  
  164  12:36  Zergling x2  
  173  12:37  Zergling x28  
  165  12:45  Roach x2  
  165  12:48  Hydralisk x2  
  165  12:49  Hydralisk  
  157  12:54  Queen  
  157  12:56  Roach x3  
  157  12:57  Roach x2  
  165  13:02  Roach x3  
  161  13:15  Viper  
  161  13:16  Viper  
  169  13:20  Roach x2, Zergling x8  
  169  13:21  Zergling x16  
  183  13:30  Spore Crawler, Spine Crawler  
  183  13:32  Drone x5, Spine Crawler  
  185  13:34  Spine Crawler  
  185  13:38  Overseer x2  
  185  13:40  Extractor  
  183  13:45  Roach x2  
  183  13:46  Roach x6  
  196  14:01  Overlord x3  
  196  14:07  Hatchery  
  196  14:09  Extractor  
  192  14:13  Queen  
  192  14:22  Drone x2  
  193  14:35  Roach x3  
Show
View Real Time Build Order
Export as new Build Order

Chris Protoss 

Build Orders: Nexus First 

Get SALT Encoding   

  12  0:01  Probe (Chrono Boost)  
  13  0:12  Probe (Chrono Boost)  
  14  0:22  Probe (Chrono Boost)  
  14  0:24  Pylon  
  15  0:42  Probe (Chrono Boost)  
  16  0:53  Probe (Chrono Boost)  
  17  1:00  Nexus  
  17  1:09  Gateway  
  17  1:13  Probe (Chrono Boost)  
  18  1:23  Probe (Chrono Boost)  
  18  1:25  Pylon  
  19  1:34  Probe (Chrono Boost), Assimilator  
  20  1:40  Assimilator  
  20  1:45  Probe (Chrono Boost)  
  21  1:55  Probe (Chrono Boost)  
  21  1:58  Cybernetics Core  
  22  2:06  Probe (Chrono Boost), Zealot  
  25  2:16  Probe x2 (Chrono Boost)  
  27  2:27  Probe x2 (Chrono Boost)  
  29  2:36  Pylon  
  29  2:37  Probe (Chrono Boost)  
  29  2:38  Mothership Core (Chrono Boost)  
  29  2:42  Stalker (Chrono Boost)  
  34  2:45  Warp Gate  
  34  2:47  Probe (Chrono Boost)  
  36  2:58  Probe (Chrono Boost)  
  36  2:59  Probe (Chrono Boost)  
  37  3:08  Gateway  
  37  3:09  Probe (Chrono Boost), Gateway  
  38  3:14  Sentry  
  38  3:15  Probe (Chrono Boost)  
  38  3:19  Probe (Chrono Boost)  
  42  3:26  Probe (Chrono Boost)  
  43  3:30  Probe (Chrono Boost)  
  43  3:32  Pylon  
  44  3:36  Probe (Chrono Boost)  
  44  3:40  Probe (Chrono Boost)  
  44  3:41  Sentry  
  48  3:47  Probe (Chrono Boost)  
  49  3:51  Probe (Chrono Boost)  
  49  3:53  Nexus  
  50  3:56  Pylon  
  50  3:57  Probe (Chrono Boost)  
  50  4:01  Probe (Chrono Boost)  
  52  4:06  Robotics Facility  
  52  4:11  Probe (Chrono Boost)  
  52  4:12  Probe (Chrono Boost)  
  52  4:15  Forge  
  54  4:20  Sentry  
  54  4:22  Probe (Chrono Boost)  
  54  4:24  Probe (Chrono Boost), Assimilator  
  58  4:28  Pylon, Assimilator  
  58  4:32  Probe (Chrono Boost), Pylon  
  60  4:38  Probe (Chrono Boost)  
  60  4:43  Probe (Chrono Boost)  
  61  4:46  Twilight Council  
  61  4:48  Probe (Chrono Boost)  
  61  4:49  Protoss Ground Weapons Level 1 (Chrono Boost)  
  62  4:53  Probe  
  62  4:58  Pylon  
  63  5:00  Robotics Bay  
  63  5:02  Probe  
  63  5:04  Probe  
  65  5:08  Gateway  
  65  5:09  Probe, Gateway  
  66  5:14  Probe x2  
  66  5:19  Probe  
  66  5:21  Warp Prism (Chrono Boost)  
  71  5:25  Probe  
  71  5:26  Probe  
  73  5:30  Probe  
  73  5:35  Probe  
  74  5:38  Probe  
  74  5:40  Probe  
  74  5:42  Stargate  
  77  5:43  Stargate  
  77  5:46  Probe, Pylon x2  
  77  5:47  Sentry  
  80  5:50  Probe  
  80  5:51  Probe, Pylon  
  80  5:56  Probe  
  82  6:01  Gateway  
  82  6:02  Probe, Gateway  
  82  6:04  Disruptor (Chrono Boost), Blink (Chrono Boost)  
  87  6:14  Stalker x3  
  87  6:17  Gravitic Drive  
  93  6:20  Pylon  
  93  6:22  Assimilator  
  93  6:28  Assimilator  
  93  6:34  Gateway  
  93  6:36  Gateway, Photon Cannon  
  93  6:37  Disruptor (Chrono Boost)  
  96  6:41  Gateway, Photon Cannon  
  96  6:47  Pylon  
  96  6:49  Protoss Ground Weapons Level 2 (Chrono Boost)  
  96  6:52  Zealot x5  
  106  7:02  Zealot x2  
  106  7:07  Pylon  
  110  7:09  Dark Shrine  
  110  7:13  Observer (Chrono Boost)  
  111  7:16  Robotics Facility  
  111  7:18  Pylon  
  111  7:21  Zealot x5  
  121  7:24  Zealot  
  121  7:28  Zealot  
  125  7:34  Pylon  
  125  7:36  Disruptor (Chrono Boost)  
  128  7:50  Nexus  
  128  7:52  Pylon, Charge  
  128  8:01  Probe  
  128  8:05  Stalker x4  
  137  8:11  Photon Cannon  
  137  8:12  Photon Cannon  
  137  8:13  Pylon  
  137  8:15  Disruptor (Chrono Boost)  
  142  8:21  Immortal (Chrono Boost)  
  142  8:25  Probe  
  135  8:28  Templar Archives  
  135  8:29  Gateway  
  135  8:32  Gateway  
  135  8:37  Probe  
  128  8:46  Stalker x3, Disruptor (Chrono Boost)  
  128  8:47  Stalker x3  
  131  8:53  Protoss Ground Weapons Level 3  
  131  9:00  Stalker x3, Assimilator  
  137  9:04  Disruptor (Chrono Boost), Assimilator  
  137  9:07  Pylon  
  138  9:13  Zealot x2  
  134  9:25  High Templar x2  
  134  9:26  Zealot x3  
  134  9:30  Archon  
  133  9:35  Zealot x2  
  133  9:36  Zealot x2  
  130  9:45  Dark Templar  
  108  9:48  Dark Templar  
  108  9:50  Dark Templar  
  94  9:57  Cybernetics Core  
  87  10:01  Probe  
  87  10:03  Zealot x4  
  94  10:07  Probe  
  94  10:08  Probe  
  94  10:11  Pylon  
  94  10:13  Pylon  
  94  10:23  Disruptor (Chrono Boost)  
  94  10:24  Disruptor (Chrono Boost)  
  94  10:27  Mothership Core (Chrono Boost)  
  102  10:30  Gateway  
  102  10:34  Photon Cannon  
  102  10:40  Pylon  
  102  10:46  Photon Cannon  
  102  10:52  Stalker  
  102  10:53  Stalker x3  
  102  10:56  Disruptor (Chrono Boost)  
  111  10:58  Disruptor (Chrono Boost)  
  111  11:00  High Templar  
  116  11:07  Zealot x2  
  115  11:19  High Templar x2  
  115  11:21  Zealot x2  
  123  11:28  Disruptor  
  123  11:31  Disruptor  
  128  11:35  Stalker  
  130  11:46  Nexus  
  130  11:49  Stalker, Pylon  
  130  11:50  Stalker x2  
  130  11:51  Pylon  
  136  11:55  Stalker x3  
  142  12:04  Disruptor  
  145  12:15  Probe  
  119  12:28  Stalker x5  
  117  12:36  Stalker  
  117  12:37  Stalker x2  
  103  12:46  Disruptor (Chrono Boost)  
  103  12:50  Zealot x3  
  104  12:57  Disruptor (Chrono Boost)  
  99  12:59  Probe  
  99  13:03  Probe  
  98  13:08  Assimilator  
  98  13:11  Photon Cannon  
  98  13:15  Dark Templar x2  
  102  13:21  Disruptor (Chrono Boost), Zealot x2  
  109  13:36  Dark Templar x2  
  109  13:40  Archon  
  102  13:57  Stalker x3  
  108  14:09  Observer (Chrono Boost)  
  107  14:21  Nexus  
  107  14:28  Zealot  
  107  14:32  Pylon  
  107  14:36  High Templar x2  
  111  14:41  Sentry, Archon  
  113  14:47  High Templar x2  
  113  14:49  Probe  
  113  14:52  Archon  
  118  15:03  Stalker x3  
Tags
 
Add a new tag
Caveats
  • Supply blocks, unpowered buildings, or Contaminate may cause inaccurate times.
  • Supply counts are checked every 10 seconds.